 Dungeon Crawl Stone Soup version 0.25.1-8-g42b30a86e7 (webtiles) character file.

Game seed: 12424674260762682329

516 C3l3ry the Ruffian (level 7, -21/68 HPs)
             Began as a Troll Fighter on Dec 23, 2020.
             Demolished by an ogre
             ... wielding a +0 giant spiked club
              (25 damage)
             ... on level 4 of the Dungeon on Dec 24, 2020.
             The game lasted 00:13:51 (2921 turns).

C3l3ry the Ruffian (Troll Fighter)                  Turns: 2921, Time: 00:13:52

Health: -21/68     AC:  6    Str: 27    XL:     7   Next: 0%
Magic:  6/6        EV:  7    Int:  4    God:
Gold:   168        SH: 15    Dex:  9    Spells: 6/6 levels left

rFire    . . .     SeeInvis .     - Unarmed
rCold    . . .     Gourm    +   l - +0 tower shield
rNeg     . . .     Faith    .   a - +0 robe
rPois    .         Spirit   .   (helmet restricted)
rElec    .         Reflect  .   (no cloak)
rCorr    .         Harm     .   (gloves unavailable)
MR       .....                  (boots unavailable)
Stlth    +.........             (no amulet)
HPRegen  0.61/turn              (no ring)
MPRegen  0.10/turn              (no ring)

@: no status effects
A: large, unfitting armour, claws 3, fast metabolism 3, gourmand, regeneration
1, shaggy fur 1, tough skin 3
a: no special abilities


You were on level 4 of the Dungeon.
You were completely stuffed.

You visited 1 branch of the dungeon, and saw 4 of its levels.

You collected 168 gold pieces.

Inventory:

Missiles
 g - 28 poisoned darts (quivered)
 v - 8 javelins
Armour
 a - a +0 robe (worn)
 b - a +0 kite shield
 l - a +0 tower shield (worn)
 o - a scarf of invisibility
Jewellery
 h - an uncursed ring of ice
 k - a cursed ring of attention {unknown}
 m - an uncursed ring of protection from fire {unknown}
 r - an uncursed ring of resist corrosion {unknown}
 t - an uncursed amulet of faith {unknown}
Scrolls
 e - 5 scrolls of identify
 i - 4 scrolls of teleportation
 j - 2 scrolls of fog {unknown}
 n - a scroll of noise {unknown}
 p - a scroll of magic mapping {unknown}
 q - a scroll of enchant weapon {unknown}
 x - a scroll of blinking {unknown}
 y - a scroll of immolation {unknown}
 A - a scroll of remove curse {unknown}
Potions
 c - a potion of might
 f - 3 potions of haste
 u - a potion of lignification {unknown}
 w - a potion of cancellation {unknown}
 z - 4 potions of curing {unknown}
Comestibles
 d - 11 rations


   Skills:
 + Level 3.9 Fighting
 + Level 0.8 Throwing
 + Level 0.7 Armour
 - Level 3.6 Dodging
 + Level 3.9 Shields
 + Level 4.0 Unarmed Combat


You had 6 spell levels left.
You didn't know any spells.
Your spell library was empty.

Dungeon Overview and Level Annotations

Branches:
Dungeon (4/15)
 Temple: D:4-7

Altars:
Ashenzari
Gozag
Nemelex Xobeh


Innate Abilities, Weirdness & Mutations

You are too large for most types of armour.
You have claws for hands.
Your metabolism is lightning-fast.
You like to eat raw meat.
Your natural rate of healing is unusually fast.
You are covered in fur. (AC +1)
You have extremely tough skin. (AC +3)


Message History

The ogre is heavily wounded.
You scratch the ogre.
The ogre is severely wounded.
You block the ogre's attack.
You barely miss the ogre.
The ogre is severely wounded.
You block the ogre's attack.
You claw the ogre!
The ogre is almost dead.
The ogre hits you with a +0 giant spiked club!!
* * * LOW HITPOINT WARNING * * *
Your shield prevents you from hitting the ogre.
The ogre is almost dead.
You scratch the ogre but do no damage.
The ogre is almost dead.
You block the ogre's attack.
You completely miss the ogre.
The ogre is almost dead.
The ogre hits you with a +0 giant spiked club!!
You die...

#.#........................
#.##......#####............
#.##......# #.#.#........
#.##......#####.#.##....###
#.##<.....#................
#.####.#.#..#.....##....###
#..........###....##....###
####......##!##...##.......
#......@O.#...^##....###
#....#.##.##.#..#....#..
#...#### ..####......#.#
#..## $... ##.....#.# #...
..####..#####>. #...
.##.#...##..... #....
.#......##..... #####
!##...####..... ##....#
#.....


You could see an ogre.

Vanquished Creatures
  A phantom (D:4)
  An ogre (D:4)
  An orc priest (D:3)
  A bullfrog skeleton (D:4)
  An orc wizard (D:3)
  3 worker ants (D:4)
  4 gnolls
  5 adders
  An adder skeleton (D:4)
  3 worms
  A dart slug (D:1)
  A leopard gecko (D:4)
  7 orcs
  A giant cockroach (D:3)
  8 goblins
  12 hobgoblins
  12 jackals
  2 quokkas
  5 bats
  6 frilled lizards
  7 kobolds
  6 rats
89 creatures vanquished.

Notes
Turn   | Place    | Note
-------+----------+-------------------------------------------
     0 | D:1      | C3l3ry the Troll Fighter began the quest for the Orb.
     0 | D:1      | Reached XP level 1. HP: 22/22 MP: 0/0
   157 | D:1      | Reached XP level 2. HP: 29/29 MP: 1/1
   691 | D:1      | Reached XP level 3. HP: 30/36 MP: 2/2
   939 | D:2      | Found a sparkling altar of Nemelex Xobeh.
  1172 | D:2      | Found an opulent altar of Gozag.
  1519 | D:3      | Reached XP level 4. HP: 44/44 MP: 3/3
  1737 | D:3      | Reached skill level 3 in Unarmed Combat
  1763 | D:3      | Found a shattered altar of Ashenzari.
  1865 | D:3      | Reached XP level 5. HP: 53/53 MP: 4/4
  2503 | D:4      | Noticed an ogre
  2515 | D:4      | Killed an ogre
  2515 | D:4      | Reached XP level 6. HP: 47/61 MP: 5/5
  2702 | D:4      | Reached skill level 4 in Unarmed Combat
  2897 | D:4      | Reached XP level 7. HP: 68/68 MP: 6/6
  2918 | D:4      | HP: 2/68 [ogre/+0 giant spiked club (27)]
  2921 | D:4      | Demolished by an ogre

Illustrated notes

Levels and vault maps discovered:
D:1:      shiori_arrival_oz, layout_basic
D:2:      layout_basic, overflow_temple_1_default, grunt_gozag_statues
D:3:      layout_loops_corners, ashenzari_altar_1, st_stairs_6
D:4:      layout_basic, minmay_fractal_squares_gapless_5

Skill      XL: |  1  2  3  4  5  6 |
---------------+-------------------+-----
Fighting       | 3 |  3.9
Dodging        | 3 |  3.6
Shields        | 3 |  3.9
Unarmed Combat | 3 4 |  4.0
Throwing       | |  0.8
Armour         | |  0.7

Action                   |  1- 3 |  4- 6 |  7- 9 || total
-------------------------+-------+-------+-------++-------
Melee: Unarmed           |   132 |   162 |    21 ||   315
  Use: Scroll            |     3 |       |       ||     3
  Eat: Chunk             |    18 |    15 |       ||    33
Armor: Robe              |    48 |    32 |     3 ||    83
Dodge: Dodged            |    31 |    17 |     3 ||    51
Block: Kite shield       |    21 |       |       ||    21
       Tower shield      |    78 |    97 |    11 ||   186
